[Event "Titled Tuesday Blitz June 27 Early 2023"]
[White "Delorme, Axel"]
[Black "Melikhov, Evgeny V."]
[WhiteFideId "632023"]
[BlackFideId "4122046"]
[WhiteElo "2548"]
[BlackElo "2391"]
[Result "1-0"]
[Round "11"]
[TimeControl "180+2"]
[Date "2023.06.27"]
[WhiteClock "0:01:19"]
[BlackClock "0:00:39"]
[Board "73"]

1. e4 e5 2. Nf3 Nc6 3. Bb5 a6 4. Ba4 Nf6 5. O-O Nxe4 6. d4 b5 7. Bb3 d5 8. dxe5 Be6 9. Nbd2 Bc5 10. Nxe4 dxe4 11. Ng5 Qxd1 12. Rxd1 Bxb3 13. axb3 Nxe5 14. Rd5 Bd6 15. Nxe4 O-O 16. Nxd6 cxd6 17. Rxd6 a5 18. Rd5 Rfd8 19. Rxa5 Nc6 20. Rxa8 Rxa8 21. Kf1 Ra1 22. Rd1 f6 23. Ke2 Nb4 24. Bd2 Nxc2 25. Rxa1 Nxa1 26. b4 Nb3 27. Be3 Kf7 28. Kd3 Ke6 29. Kc2 Na1+ 30. Kb1 Nb3 31. Ka2 1-0


[Site "https://www.chess.com"]

[Event "Titled Tuesday Blitz June 27 Early 2023"]
[White "Dishman, Stephen"]
[Black "Turzo, Attila"]
[WhiteFideId "403024"]
[BlackFideId "704954"]
[WhiteElo "2385"]
[BlackElo "2544"]
[Result "1/2-1/2"]
[Round "11"]
[TimeControl "180+2"]
[Date "2023.06.27"]
[WhiteClock "0:00:11"]
[BlackClock "0:00:22"]
[Board "74"]

1. c4 Nf6 2. g3 g6 3. Bg2 Bg7 4. Nf3 O-O 5. O-O d6 6. d4 Nbd7 7. Nc3 e5 8. e4 c6 9. h3 Re8 10. Be3 exd4 11. Nxd4 Nc5 12. Qc2 a5 13. b3 Bd7 14. Rfe1 Qc8 15. Kh2 Ne6 16. Rad1 Bf8 17. f4 Qc7 18. Nf3 Nc5 19. Bxc5 dxc5 20. e5 Nh5 21. Qd2 Rad8 22. Qe3 f6 23. g4 Ng7 24. Ne4 fxe5 25. Nf6+ Kh8 26. Nxe5 Be6 27. Nxe8 Rxe8 28. h4 Bxg4 29. Qg3 Bxd1 30. Rxd1 Nf5 31. Qc3 Nd4 32. Qg3 Bd6 33. Re1 Re7 34. Qg5 Bxe5 35. fxe5 Nf5 36. h5 Re6 37. hxg6 hxg6 38. Bh3 Qe7 39. Qf4 Qf7 40. Rf1 Qg7 41. Bxf5 gxf5 42. Qxf5 Qxe5+ 43. Qxe5+ Rxe5 44. Rf7 Re2+ 45. Kg3 Rxa2 46. Rxb7 a4 47. bxa4 Rxa4 48. Rb6 Rxc4 49. Rxc6 Kg7 50. Kf3 Kf7 51. Ke3 Ke7 52. Kd3 Rc1 53. Kd2 Kd7 54. Kxc1 Kxc6 55. Kc2 Kb5 56. Kb3 c4+ 57. Kc3 Kc5 58. Kc2 Kb4 59. Kb2 Ka4 60. Kc3 Kb5 61. Kc2 Kb4 62. Kb2 Kc5 63. Kc2 Kd5 64. Kc3 Kc5 65. Kc2 1/2-1/2


[Site "https://www.chess.com"]

[Event "Titled Tuesday Blitz June 27 Early 2023"]
[White "Blokhin, Sofia"]
[Black "Yaksin, Oleg"]
[WhiteFideId "4508190"]
[BlackFideId "24105880"]
[WhiteElo "2336"]
[BlackElo "2543"]
[Result "0-1"]
[Round "11"]
[TimeControl "180+2"]
[Date "2023.06.27"]
[WhiteClock "0:00:00"]
[BlackClock "0:00:49"]
[Board "75"]

1. d4 Nf6 2. c4 e6 3. Nc3 Bb4 4. f3 O-O 5. e4 c5 6. a3 Bxc3+ 7. bxc3 Nc6 8. Be3 d5 9. e5 Nd7 10. cxd5 exd5 11. Bd3 Qa5 12. Qd2 Nb6 13. Ne2 Nc4 14. Bxc4 dxc4 15. O-O Bf5 16. Qb2 Bd3 17. Rfe1 cxd4 18. cxd4 Bxe2 19. Rxe2 Qd5 20. Qxb7 Rab8 21. Qa6 Rb3 22. Rd1 Nxe5 23. Qxa7 Nd3 24. h3 h6 25. a4 Re8 26. Rdd2 Nc1 27. Re1 Nd3 28. Ree2 Nb4 29. Kh2 c3 30. Rd1 c2 31. Rc1 Qd6+ 0-1


[Site "https://www.chess.com"]

[Event "Titled Tuesday Blitz June 27 Early 2023"]
[White "Golubev, Mikhail"]
[Black "Rodriguez Santiago, Jaime"]
[WhiteFideId "14100983"]
[BlackFideId "3100898"]
[WhiteElo "2540"]
[BlackElo "2308"]
[Result "1-0"]
[Round "11"]
[TimeControl "180+2"]
[Date "2023.06.27"]
[WhiteClock "0:00:36"]
[BlackClock "0:00:29"]
[Board "76"]

1. e4 c6 2. d4 d5 3. e5 Bf5 4. h4 h5 5. c4 e6 6. Nc3 Ne7 7. Nge2 Nd7 8. Ng3 Bg6 9. cxd5 Nxd5 10. Nxd5 cxd5 11. Be2 a6 12. Bxh5 Bxh5 13. Nxh5 g6 14. Nf6+ Nxf6 15. exf6 Qxf6 16. g3 Bb4+ 17. Kf1 b5 18. Bf4 Rc8 19. Be5 Qf5 20. Bxh8 Rc2 21. Rh2 Rd2 22. Qc1 Qd3+ 23. Kg1 Rc2 24. Qf4 1-0


[Site "https://www.chess.com"]

[Event "Titled Tuesday Blitz June 27 Early 2023"]
[White "Kuzmin, Roman"]
[Black "Marchesich, Giovanni"]
[WhiteFideId "44134932"]
[BlackFideId "2824790"]
[WhiteElo "2525"]
[BlackElo "2296"]
[Result "1-0"]
[Round "11"]
[TimeControl "180+2"]
[Date "2023.06.27"]
[WhiteClock "0:02:18"]
[BlackClock "0:02:11"]
[Board "77"]

1. e4 e5 2. Nf3 d5 3. d4 dxe4 4. Nxe5 Bd6 5. Qe2 Nf6 6. Nc3 O-O 7. Bg5 h6 8. Bh4 g5 9. Bg3 Bf5 10. O-O-O Nbd7 11. h4 g4 12. Qe3 Kh7 13. f3 exf3 14. gxf3 Nb6 15. Bd3 Qc8 16. fxg4 Bxe5 17. Bxf5+ 1-0


[Site "https://www.chess.com"]

[Event "Titled Tuesday Blitz June 27 Early 2023"]
[White "Kislinsky, Alexey"]
[Black "Mikhaylova, Irina"]
[WhiteFideId "14108801"]
[BlackFideId "4109040"]
[WhiteElo "2749"]
[BlackElo "2334"]
[Result "0-1"]
[Round "11"]
[TimeControl "180+2"]
[Date "2023.06.27"]
[WhiteClock "0:00:00"]
[BlackClock "0:01:30"]
[Board "78"]

1. e4 c5 2. c3 d5 3. exd5 Qxd5 4. d4 e6 5. Nf3 Nf6 6. Be3 cxd4 7. cxd4 Nc6 8. Nc3 Qd6 9. a3 Be7 10. Bd3 O-O 11. O-O b6 12. Bc2 Bb7 13. Qd3 Rfd8 14. Rad1 Rac8 15. Rfe1 g6 16. h3 Bf8 17. Bg5 Be7 18. Bb3 Nb8 19. Ba2 Re8 20. Qe3 Nd5 21. Bxd5 Bxd5 22. Nxd5 Qxd5 23. Bxe7 Rxe7 24. Ne5 Nc6 25. Qh6 f6 0-1


[Site "https://www.chess.com"]

[Event "Titled Tuesday Blitz June 27 Early 2023"]
[White "Kovalevsky, Stanislav"]
[Black "Ovchinnikov, Vsevolod"]
[WhiteFideId "13508598"]
[BlackFideId "24176842"]
[WhiteElo "2481"]
[BlackElo "2573"]
[Result "0-1"]
[Round "11"]
[TimeControl "180+2"]
[Date "2023.06.27"]
[WhiteClock "0:00:06"]
[BlackClock "0:00:17"]
[Board "79"]

1. c4 Nf6 2. Nc3 d5 3. cxd5 Nxd5 4. g3 g6 5. Bg2 Nb6 6. f4 Bg7 7. Nf3 c5 8. O-O Nc6 9. e4 Bg4 10. e5 O-O 11. h3 Bf5 12. g4 Bd3 13. Re1 f6 14. e6 f5 15. g5 Qd6 16. Ne2 Rad8 17. a4 Nd5 18. Qb3 Bxe2 19. Rxe2 Nxf4 20. Rf2 Nxg2 21. Kxg2 b6 22. h4 Qd5 23. Ra3 Rd6 24. Re2 Rfd8 25. d4 c4 26. Qb5 Nxd4 27. Qxd5 Rxd5 28. Nxd4 Bxd4 29. a5 b5 30. a6 Bc5 31. Ra5 Bb6 32. Ra3 Rd3 33. Bf4 Bc5 34. Ra5 Rb3 35. Bc7 Rc8 36. Be5 Rc6 37. Bf6 Kf8 38. Ra1 Rd3 39. Bh8 Rdd6 40. Be5 Rxe6 41. Rd1 Bd6 42. Bg7+ Kf7 43. Rxe6 Kxe6 44. Ra1 b4 45. Kf3 Kd5 46. Ke3 Kc5 47. Bd4+ Kb5 48. Kd2 Rxa6 49. Rxa6 Kxa6 50. Kc2 e5 51. Bf2 Kb7 52. b3 cxb3+ 53. Kxb3 a5 54. Kc4 Kc6 55. Be1 Bc5 56. h5 gxh5 57. Bh4 f4 58. Kd3 Kd5 59. g6 hxg6 0-1


[Site "https://www.chess.com"]

[Event "Titled Tuesday Blitz June 27 Early 2023"]
[White "Gontcharov, Vladislav"]
[Black "Zheenbekov, Nurgazy"]
[WhiteFideId "4123492"]
[BlackFideId "13800485"]
[WhiteElo "2555"]
[BlackElo "2453"]
[Result "1-0"]
[Round "11"]
[TimeControl "180+2"]
[Date "2023.06.27"]
[WhiteClock "0:00:16"]
[BlackClock "0:00:00"]
[Board "80"]

1. d4 Nf6 2. c4 e6 3. Nc3 Bb4 4. e3 O-O 5. Bd3 d5 6. Nf3 c5 7. O-O Nc6 8. a3 Bxc3 9. bxc3 b6 10. cxd5 exd5 11. dxc5 bxc5 12. c4 Rb8 13. Qc2 Ba6 14. cxd5 Bxd3 15. Qxd3 Qxd5 16. Qxd5 Nxd5 17. Bd2 Nb6 18. Rfc1 Na4 19. Rc4 Nb6 20. Rxc5 Nd8 21. Rc7 a6 22. Ra7 Ra8 23. Rxa8 Nxa8 24. Rc1 Ne6 25. Rc6 Nac7 26. g4 h6 27. Ba5 Nb5 28. Rxa6 Rc8 29. Bb4 Rc4 30. h3 Rc2 31. Ne5 Ng5 32. Kg2 Ne4 33. Nd3 Ra2 34. Kf3 Nd2+ 35. Kf4 Nf1 36. Ra8+ Kh7 37. Ra5 Nc7 38. Ke5 Nd2 39. Ra7 Ne6 40. f4 Nc4+ 41. Ke4 Re2 42. f5 Rxe3+ 43. Kd5 Ng5 44. Kxc4 Re4+ 45. Kc3 Re3 46. a4 Ne4+ 47. Kd4 Re1 48. Nxe1 1-0


[Site "https://www.chess.com"]

[Event "Titled Tuesday Blitz June 27 Early 2023"]
[White "Pandey Srishti"]
[Black "Ambartsumova, Karina"]
[WhiteFideId "35093290"]
[BlackFideId "4166299"]
[WhiteElo "2446"]
[BlackElo "2554"]
[Result "0-1"]
[Round "11"]
[TimeControl "180+2"]
[Date "2023.06.27"]
[WhiteClock "0:00:09"]
[BlackClock "0:00:10"]
[Board "81"]

1. e4 c5 2. Nf3 Nc6 3. d4 cxd4 4. Nxd4 Qb6 5. Nb3 Nf6 6. Nc3 e6 7. Be3 Qc7 8. a3 a6 9. f4 d6 10. Qe2 b5 11. O-O-O Bb7 12. g4 Be7 13. g5 Nd7 14. f5 Nde5 15. Bh3 Bc8 16. Rhf1 O-O 17. f6 Bd8 18. Bg2 b4 19. axb4 Nxb4 20. fxg7 Kxg7 21. Bd4 Nc6 22. Qh5 Rb8 23. Qh6+ Kg8 24. Rf4 Qe7 25. Rg1 Rxb3 26. Bf1 Kh8 27. Rh4 f6 28. gxf6 Rxf6 29. Bxe5 Nxe5 30. Qh5 Rb7 31. Be2 Ng6 32. Rhg4 Kg7 33. Bd3 e5 34. R4g2 Be6 35. Nd5 Bxd5 36. exd5 e4 37. Be2 Qe5 38. Qg4 Qxb2+ 39. Kd1 Qd4+ 40. Ke1 Rb1+ 41. Bd1 Ba5+ 42. c3 Bxc3+ 43. Ke2 Qd2# 0-1


[Site "https://www.chess.com"]

[Event "Titled Tuesday Blitz June 27 Early 2023"]
[White "Skliarov, Viktor"]
[Black "KorolDimitriy75"]
[WhiteFideId "14106736"]
[WhiteElo "2547"]
[BlackElo "2432"]
[Result "1-0"]
[Round "11"]
[TimeControl "180+2"]
[Date "2023.06.27"]
[WhiteClock "0:00:15"]
[BlackClock "0:00:01"]
[Board "82"]

1. e4 c5 2. Nf3 g6 3. c3 d5 4. exd5 Qxd5 5. Na3 Bg7 6. Bc4 Qd8 7. O-O Nf6 8. d4 cxd4 9. Nb5 O-O 10. Bf4 Nc6 11. Nbxd4 Bd7 12. Nxc6 Bxc6 13. Ne5 Bd5 14. Qb3 Bxc4 15. Nxc4 b6 16. Rad1 Qc8 17. Rfe1 e6 18. Nd6 Qa6 19. c4 Rfd8 20. a3 h6 21. h3 Rd7 22. Qf3 Rad8 23. Be5 Ne8 24. Bxg7 Nxg7 25. Ne4 Rxd1 26. Rxd1 Rxd1+ 27. Qxd1 Qc8 28. Nf6+ Kh8 29. Qd2 Nf5 30. g4 Kg7 31. Qc3 Qd8 32. Nh5+ Kg8 33. gxf5 gxh5 34. fxe6 fxe6 35. Kf1 Qd1+ 36. Kg2 Qe2 37. Qd4 Kf7 38. b4 Qc2 39. c5 Qg6+ 40. Kf3 Qf5+ 41. Qf4 bxc5 42. bxc5 Ke7 43. Qxf5 exf5 44. Kf4 Kd7 45. Kxf5 Kc6 46. Kg6 Kxc5 47. f4 a5 48. f5 Kc4 49. f6 Kb3 50. f7 Kxa3 51. f8=Q+ Kb3 52. Qxh6 1-0


[Site "https://www.chess.com"]

[Event "Titled Tuesday Blitz June 27 Early 2023"]
[White "Perez, Maximiliano"]
[Black "Rom, Jasper"]
[WhiteFideId "117234"]
[BlackFideId "2023733"]
[WhiteElo "2537"]
[BlackElo "2430"]
[Result "1-0"]
[Round "11"]
[TimeControl "180+2"]
[Date "2023.06.27"]
[WhiteClock "0:01:58"]
[BlackClock "0:00:00"]
[Board "83"]

1. e4 e6 2. d3 d5 3. Nd2 Nf6 4. Ngf3 dxe4 5. dxe4 Bc5 6. Be2 Nc6 7. O-O e5 8. c3 a5 9. h3 O-O 10. Nc4 Qe7 11. Qc2 h6 12. a4 Nh5 13. Be3 Bxe3 14. Nxe3 Nf4 15. Nd5 Nxd5 16. exd5 Nb8 17. Rfe1 Qf6 18. Qe4 Nd7 19. Bb5 Re8 20. Bxd7 Bxd7 21. Nxe5 Bf5 22. Qd4 Rad8 23. Nf3 Rxe1+ 24. Rxe1 Qxd4 25. Nxd4 Rxd5 26. Re8+ Kh7 27. Re7 Bg6 28. Rxc7 b6 29. Rc6 1-0


[Site "https://www.chess.com"]

[Event "Titled Tuesday Blitz June 27 Early 2023"]
[White "Tologon tegin, Semetei"]
[Black "Kopczynski, Michal"]
[WhiteFideId "13800574"]
[BlackFideId "1124200"]
[WhiteElo "2535"]
[BlackElo "2423"]
[Result "0-1"]
[Round "11"]
[TimeControl "180+2"]
[Date "2023.06.27"]
[WhiteClock "0:00:00"]
[BlackClock "0:00:15"]
[Board "84"]

1. g3 e5 2. Bg2 f5 3. c4 Nf6 4. Nc3 c6 5. d3 Be7 6. e4 O-O 7. Nge2 fxe4 8. dxe4 d6 9. O-O Be6 10. b3 Qd7 11. f4 Bh3 12. f5 Bxg2 13. Kxg2 Na6 14. Be3 Rad8 15. Bxa7 d5 16. cxd5 cxd5 17. Bb6 d4 18. Bxd8 Bxd8 19. Na4 Nxe4 20. Qd3 Qd5 21. Qc4 Qxc4 22. bxc4 Nb4 23. g4 Nc2 24. Rab1 Ne3+ 25. Kg1 Nd2 26. Rfc1 Nxb1 27. Rxb1 Nxg4 28. Rxb7 d3 29. Ng3 d2 30. Nc3 Ne3 31. Rd7 Bb6 32. Kh1 Rd8 33. Rxd8+ Bxd8 34. Nge4 Ba5 35. Nxd2 Bxc3 36. Ne4 Bd4 37. f6 g6 38. c5 Kf7 39. c6 Nd5 40. a4 Bb6 41. Kg2 Nxf6 42. Nc5 Nd5 43. Nb7 Ke7 44. a5 Ba7 45. Kf3 Nb4 46. c7 Kd7 47. Nd6 Kxc7 48. Nf7 Nc6 49. a6 Kb6 50. Ng5 h6 51. Nf7 h5 52. Nh8 g5 53. Nf7 g4+ 54. Ke4 Kxa6 55. Nh8 Bg1 56. Ng6 Bxh2 0-1


[Site "https://www.chess.com"]

[Event "Titled Tuesday Blitz June 27 Early 2023"]
[White "Dinu, Dumitru-Daniel"]
[Black "Rodchenkov, Sergey D."]
[WhiteFideId "1208403"]
[BlackFideId "4168712"]
[WhiteElo "2420"]
[BlackElo "2529"]
[Result "0-1"]
[Round "11"]
[TimeControl "180+2"]
[Date "2023.06.27"]
[WhiteClock "0:00:49"]
[BlackClock "0:00:44"]
[Board "85"]

1. e4 c5 2. Nf3 d6 3. Bb5+ Nd7 4. d4 cxd4 5. Qxd4 a6 6. Bxd7+ Bxd7 7. O-O Rc8 8. c4 e5 9. Qd3 b5 10. Na3 Qb6 11. Be3 Qb7 12. Rac1 Nf6 13. Nd2 h6 14. cxb5 Rxc1 15. Rxc1 axb5 16. f3 Be7 17. Qc2 O-O 18. Qc7 Qa8 19. Qa7 Qxa7 20. Bxa7 b4 21. Nab1 Ra8 22. Rc7 d5 23. Kf1 Kf8 24. Bc5 Bxc5 25. Rxc5 Rxa2 26. exd5 Rxb2 27. d6 Ne8 28. Rxe5 Nxd6 29. Rd5 Ke7 30. Rxd6 Bb5+ 31. Ke1 Kxd6 32. Kd1 Bd3 33. Kc1 Rc2+ 34. Kd1 Kd5 35. Ke1 Rc1+ 36. Kf2 Bxb1 37. Ke3 b3 38. Nxb3 Rc3+ 39. Kf4 Rxb3 0-1


[Site "https://www.chess.com"]

[Event "Titled Tuesday Blitz June 27 Early 2023"]
[White "slidingknight2775"]
[Black "Grossboss19"]
[WhiteElo "2526"]
[BlackElo "2408"]
[Result "1/2-1/2"]
[Round "11"]
[TimeControl "180+2"]
[Date "2023.06.27"]
[WhiteClock "0:00:07"]
[BlackClock "0:00:16"]
[Board "86"]

1. d4 Nf6 2. c4 e6 3. Nc3 Bb4 4. e3 O-O 5. Bd3 Re8 6. Ne2 d6 7. a3 Bxc3+ 8. Nxc3 e5 9. O-O Nc6 10. d5 Ne7 11. e4 h6 12. b4 a5 13. Rb1 axb4 14. axb4 Ng6 15. f3 Nf4 16. Ne2 N6h5 17. g3 Nxe2+ 18. Qxe2 Nf6 19. Be3 b6 20. c5 bxc5 21. bxc5 dxc5 22. Rfc1 Nd7 23. Bb5 Rb8 24. Qc2 Qf6 25. Kg2 Rd8 26. Qe2 Qd6 27. Bc6 Rb6 28. Qc2 Ba6 29. Bxd7 Qxd7 30. Bxc5 Rb5 31. Rxb5 Qxb5 32. Bf2 Rc8 33. Qc5 Qe2 34. Qe3 Qb5 35. h4 c5 36. Rxc5 Rxc5 37. Qxc5 Qf1+ 38. Kh2 Be2 39. Qe3 Qd1 40. Kg2 Qf1+ 41. Kh2 Qd1 42. Kg2 Qf1+ 43. Kh2 1/2-1/2


[Site "https://www.chess.com"]

[Event "Titled Tuesday Blitz June 27 Early 2023"]
[White "Sovetbekova, Nurai"]
[Black "Yelisieiev, Yevhenii"]
[WhiteFideId "13801910"]
[BlackFideId "14139642"]
[WhiteElo "2364"]
[BlackElo "2510"]
[Result "0-1"]
[Round "11"]
[TimeControl "180+2"]
[Date "2023.06.27"]
[WhiteClock "0:00:16"]
[BlackClock "0:00:03"]
[Board "87"]

1. d4 d6 2. c4 e5 3. Nf3 e4 4. Nfd2 f5 5. e3 Nf6 6. Nc3 c6 7. d5 Nbd7 8. Be2 Ne5 9. b3 g6 10. Bb2 Bg7 11. O-O O-O 12. f3 exf3 13. Nxf3 Neg4 14. Qd3 Re8 15. Nd1 cxd5 16. cxd5 Bh6 17. Bd4 Nxd5 18. Bxa7 Ngxe3 19. Nxe3 Nxe3 20. Bxe3 Rxe3 21. Qd1 Be6 22. Nd4 Bf7 23. Bf3 Qb6 24. Kh1 Bg7 25. Nc2 Rc3 26. Rc1 Rxa2 27. Ne1 Bxb3 28. Bd5+ Kh8 29. Bxb3 Qxb3 30. Qxb3 Rxb3 31. Rc8+ Bf8 32. Rxf8+ Kg7 33. Re8 Rbb2 34. Kg1 Kf7 35. Rh8 Kg7 36. Rd8 b5 37. Rxd6 b4 38. Rb6 b3 39. g3 h5 40. Rf3 Rb1 41. Kf1 b2 42. Rfb3 Raa1 43. Rxb2 Rxe1+ 44. Kg2 Kh6 45. Rd6 Re7 46. Rbb6 Ra2+ 47. Kh3 Rg7 48. Rf6 Kg5 49. Rfc6 Rd2 50. Rb4 Rd3 51. Kg2 Rd2+ 52. Kh3 Ra2 53. Rb5 Raa7 54. Rbb6 Raf7 55. Rc4 Rf6 56. Rb5 Re6 57. Rbb4 Rd7 58. Rc5 Rd2 59. Rbc4 Ree2 60. g4 Rxh2+ 61. Kg3 Rhg2+ 62. Kf3 hxg4+ 63. Ke3 Rge2# 0-1


[Site "https://www.chess.com"]

[Event "Titled Tuesday Blitz June 27 Early 2023"]
[White "Shubenkova, Veronika"]
[Black "Romero Ruscalleda, Josep"]
[WhiteFideId "44124040"]
[BlackFideId "2231859"]
[WhiteElo "2504"]
[BlackElo "2372"]
[Result "0-1"]
[Round "11"]
[TimeControl "180+2"]
[Date "2023.06.27"]
[WhiteClock "0:00:09"]
[BlackClock "0:00:24"]
[Board "88"]

1. e4 g6 2. d4 Bg7 3. c4 d6 4. Nc3 e5 5. d5 Ne7 6. f3 O-O 7. Bd3 f5 8. Be3 Nd7 9. Qd2 a5 10. Nge2 Nc5 11. O-O-O Bd7 12. Kb1 b6 13. h4 fxe4 14. Nxe4 Nxd3 15. Qxd3 Nf5 16. Bg5 Qe8 17. g4 Nd4 18. Nxd4 exd4 19. h5 Qf7 20. hxg6 Qxg6 21. Bh6 Bxh6 22. g5 Bg7 23. Ka1 Bf5 24. Qd2 Bxe4 25. fxe4 Rae8 26. Qh2 Rxe4 27. Qh3 Re3 28. Qd7 Qf7 29. Qg4 d3 30. Rdg1 Qf2 31. Rb1 Qf5 32. Qh4 Qg6 33. Rhf1 Re2 34. Rxf8+ Kxf8 35. Qg4 Bxb2+ 36. Rxb2 Re1+ 37. Rb1 Qg7+ 38. Qd4 Qxd4# 0-1


[Site "https://www.chess.com"]

[Event "Titled Tuesday Blitz June 27 Early 2023"]
[White "Shuvalov, Evgenij"]
[Black "Estrada Nieto, Julian"]
[WhiteFideId "4187237"]
[BlackFideId "5101018"]
[WhiteElo "2499"]
[BlackElo "2491"]
[Result "0-1"]
[Round "11"]
[TimeControl "180+2"]
[Date "2023.06.27"]
[WhiteClock "0:00:21"]
[BlackClock "0:00:37"]
[Board "89"]

1. d4 d5 2. c4 dxc4 3. Nf3 Nf6 4. e3 e6 5. Bxc4 a6 6. a4 c5 7. O-O Nc6 8. dxc5 Bxc5 9. Qe2 Qc7 10. Nc3 O-O 11. e4 Ng4 12. h3 Nd4 13. hxg4 Nxe2+ 14. Bxe2 Bd7 15. g5 Bc6 16. Bd3 Rfd8 17. Bc2 Bb4 18. Bd2 Rd7 19. Rfc1 Qa5 20. Be1 Rad8 21. g3 Qb6 22. Kg2 a5 23. Ne5 Rd4 24. Nxc6 bxc6 25. Rab1 Qb7 26. Rd1 Qe7 27. f4 Rxd1 28. Rxd1 Rxd1 29. Bxd1 c5 30. Be2 Qd7 31. Kf3 Qc6 32. Bc4 Kf8 33. Bd2 f5 34. gxf6 gxf6 35. g4 f5 36. gxf5 exf5 37. Bd5 fxe4+ 38. Bxe4 Qd7 39. Be3 Qh3+ 40. Ke2 Qh2+ 41. Kd3 Qxb2 42. Nd5 Qb1+ 43. Kc4 Qxe4+ 44. Kb5 Qxd5 0-1


[Site "https://www.chess.com"]

[Event "Titled Tuesday Blitz June 27 Early 2023"]
[White "Bueno, Alfeu Junior Varela"]
[Black "Baches Garcia, Guillermo"]
[WhiteFideId "2108879"]
[BlackFideId "2209764"]
[WhiteElo "2333"]
[BlackElo "2493"]
[Result "1-0"]
[Round "11"]
[TimeControl "180+2"]
[Date "2023.06.27"]
[WhiteClock "0:00:07"]
[BlackClock "0:00:00"]
[Board "90"]

1. e4 d5 2. exd5 Qxd5 3. Nc3 Qa5 4. d4 Nf6 5. Nf3 Bf5 6. Bc4 e6 7. Qe2 Bb4 8. Bd2 O-O 9. O-O-O Nc6 10. h3 Rad8 11. g4 Bg6 12. a3 Bxa3 13. bxa3 Qxa3+ 14. Kb1 Rxd4 15. Nb5 Qc5 16. Nfxd4 Nxd4 17. Nxd4 Qxd4 18. Be3 Qc3 19. Bd4 Qb4+ 20. Kc1 Ne4 21. Bb2 b5 22. Bd3 Nc3 23. Qd2 Na2+ 24. Kb1 Qa4 25. Bxg6 hxg6 26. Qd3 Nb4 27. Qb3 Qxb3 28. cxb3 Nd5 29. Rc1 a5 30. Rc5 a4 31. Rxb5 axb3 32. Rxb3 Ra8 33. Rc1 Ra4 34. Rb8+ Kh7 35. Rc2 g5 36. Rb5 Kg6 37. Rxd5 exd5 38. Rxc7 f6 39. Rc2 Rf4 40. Bc1 Rf3 41. Rd2 Rxh3 42. Rxd5 Rh1 43. Kc2 Rg1 44. Rd4 Rg2 45. Be3 Kf7 46. Rd7+ Kg6 47. Rd4 Kf7 48. Kd3 g6 49. Ke2 f5 50. Bxg5 fxg4 51. Ke3 g3 52. f4 Ra2 53. Kf3 g2 54. Rd1 Ke6 55. Rg1 Kf5 56. Rxg2 Ra3+ 57. Kf2 Ra2+ 58. Kg1 Ra1+ 59. Kh2 Ra3 60. Rc2 Rb3 61. Rc6 Rb2+ 62. Kg3 Rb3+ 63. Kf2 Kg4 64. Ke2 Rb2+ 65. Kd3 Kh5 66. Rc8 Rb3+ 67. Kc4 Re3 68. Rh8+ Kg4 69. Kd5 Re2 70. Rf8 Rd2+ 71. Ke6 Re2+ 72. Kf6 Re8 73. Rxe8 1-0


[Site "https://www.chess.com"]

[Event "Titled Tuesday Blitz June 27 Early 2023"]
[White "Lehtosaari, Mauri"]
[Black "EdmundPlayer"]
[WhiteFideId "501999"]
[WhiteElo "2492"]
[BlackElo "2309"]
[Result "0-1"]
[Round "11"]
[TimeControl "180+2"]
[Date "2023.06.27"]
[WhiteClock "0:00:00"]
[BlackClock "0:00:10"]
[Board "91"]

1. d4 Nf6 2. f4 d5 3. Nf3 c5 4. c3 Nc6 5. Be3 Ne4 6. Nbd2 cxd4 7. Nxd4 Nxd4 8. Bxd4 Nxd2 9. Qxd2 Bf5 10. e3 a6 11. h3 e6 12. Qf2 f6 13. g4 Be4 14. Bg2 Bxg2 15. Qxg2 Bd6 16. c4 e5 17. Bc3 d4 18. exd4 exd4 19. Bxd4 Bb4+ 20. Bc3 Bxc3+ 21. bxc3 Qe7+ 22. Kf1 O-O 23. Re1 Qc7 24. Qe4 Rfe8 25. Qxe8+ Rxe8 26. Rxe8+ Kf7 27. Rh2 Kxe8 28. Re2+ Kf7 29. Re4 Qc6 30. Rd4 Qf3+ 31. Kg1 Qg3+ 32. Kf1 Qxh3+ 33. Kf2 Qxc3 34. Rd7+ Ke6 35. Rc7 Qd4+ 36. Kf3 Qd3+ 0-1


[Site "https://www.chess.com"]

[Event "Titled Tuesday Blitz June 27 Early 2023"]
[White "Luxama, Jacques Muller"]
[Black "Mayaud, Raphael"]
[WhiteFideId "11900113"]
[BlackFideId "627151"]
[WhiteElo "2234"]
[BlackElo "2355"]
[Result "0-1"]
[Round "11"]
[TimeControl "180+2"]
[Date "2023.06.27"]
[WhiteClock "0:00:44"]
[BlackClock "0:00:19"]
[Board "92"]

1. e4 d5 2. exd5 Qxd5 3. Nc3 Qa5 4. Bc4 c6 5. d4 Nf6 6. h3 Bf5 7. Nf3 e6 8. Bd2 Qc7 9. Qe2 Nbd7 10. O-O-O O-O-O 11. g4 Bg6 12. Ne5 Nxe5 13. dxe5 Nd5 14. f4 Bb4 15. Nxd5 Bxd2+ 16. Rxd2 cxd5 17. Bb3 Be4 18. Rhd1 h5 19. Kb1 hxg4 20. hxg4 g5 21. Qe3 Qb6 22. Rd4 gxf4 23. Qc3+ Kb8 24. Rb4 Qc7 25. a4 f3 26. Qd4 Rc8 27. Rc1 Qc5 28. Qd2 f2 29. Ka2 Bg2 30. Rb5 Qc6 31. Qxf2 Be4 32. c4 a6 33. Rb6 Qc5 34. Qxc5 Rxc5 35. Rc3 d4 36. Rc1 Rg8 37. Rf1 Rg7 38. Rf4 Rxe5 39. Rd6 d3 40. Rd7 Kc8 41. Rd4 f5 42. gxf5 exf5 43. Bd1 Rd7 44. Rxd7 Kxd7 45. Kb1 Kd6 46. Kc1 Kc5 47. b3 Kd4 48. Kd2 Re7 49. Bf3 Rh7 50. Bd1 Rh2+ 51. Ke1 Ke3 52. Rf1 d2# 0-1


[Site "https://www.chess.com"]

[Event "Titled Tuesday Blitz June 27 Early 2023"]
[White "Clawitter, Craig"]
[Black "Liu, Casper"]
[WhiteFideId "2023105"]
[BlackFideId "1454153"]
[WhiteElo "2240"]
[BlackElo "2510"]
[Result "0-1"]
[Round "11"]
[TimeControl "180+2"]
[Date "2023.06.27"]
[WhiteClock "0:00:03"]
[BlackClock "0:02:02"]
[Board "93"]

1. e4 Nf6 2. e5 Nd5 3. c4 Nb6 4. d4 d6 5. exd6 exd6 6. Nc3 g6 7. Bd3 Bg7 8. Nge2 O-O 9. O-O Nc6 10. Be3 Bg4 11. f3 Bd7 12. b3 Re8 13. Qd2 f5 14. d5 Ne5 15. Bc2 Qh4 16. Bf2 Qf6 17. f4 Ng4 18. Bd4 Qh4 19. h3 Bxd4+ 20. Nxd4 Ne3 21. Rae1 Nxf1 22. Rxf1 Re7 23. Nf3 Qf6 24. Re1 Rae8 25. Rxe7 Qxe7 26. Nd4 c5 27. dxc6 bxc6 28. Kf2 a6 29. a4 d5 30. a5 Nc8 31. cxd5 cxd5 32. Nxd5 Qd6 33. Nf3 Bc6 34. b4 Qxd5 35. Qc3 Qd6 36. Bb3+ Bd5 37. Qd4 Bxb3 0-1


[Site "https://www.chess.com"]

[Event "Titled Tuesday Blitz June 27 Early 2023"]
[White "Nithyalakshmi, Sivanesan"]
[Black "Bilan, Danila"]
[WhiteFideId "5706955"]
[BlackFideId "24161918"]
[WhiteElo "2349"]
[BlackElo "2507"]
[Result "0-1"]
[Round "11"]
[TimeControl "180+2"]
[Date "2023.06.27"]
[WhiteClock "0:00:12"]
[BlackClock "0:00:10"]
[Board "94"]

1. e4 c6 2. d4 d5 3. exd5 cxd5 4. Bd3 Nc6 5. c3 Qc7 6. Ne2 Bg4 7. f3 Bd7 8. Bf4 e5 9. dxe5 Nxe5 10. Nd4 Nxd3+ 11. Qxd3 Qxf4 12. Nd2 Nf6 13. Qe2+ Be7 14. O-O O-O 15. Qxe7 Qxd2 16. Rf2 Qd3 17. Qb4 b6 18. Qb3 Rfe8 19. Rd1 Qe3 20. Nc2 Qf4 21. Nb4 Be6 22. g3 Qc7 23. Rd4 h6 24. Kg2 Rad8 25. Qd1 a5 26. Nd3 Bf5 27. Nf4 Re5 28. Rfd2 Qc6 29. c4 Rde8 30. cxd5 Qd6 31. Rc4 Re1 32. Qb3 g5 33. Rc6 Qe5 34. Qc3 gxf4 35. Qxe5 R8xe5 36. Rxf6 R1e2+ 37. Rxe2 Rxe2+ 38. Kf1 Bd3 39. Rxf4 Re5+ 40. Kg2 Rxd5 41. Kh3 Kg7 42. g4 Bf1+ 43. Kg3 Rd2 44. Rf5 Rg2+ 45. Kf4 Rxb2 46. h4 Rxa2 47. Re5 Ra4+ 48. Kg3 Bd3 49. Re3 Bg6 50. Rb3 Rb4 51. Ra3 a4 52. Kf2 b5 53. Ke2 Rb3 54. Ra1 a3 55. Kd2 b4 56. Kc1 Rb2 57. f4 Be4 58. f5 Rh2 59. g5 hxg5 60. hxg5 Rh1+ 61. Kd2 Rxa1 62. Ke3 Bxf5 63. Kf4 Bg6 64. Ke5 Rd1 65. Kf4 Re1 66. Kf3 Re4 67. Kg3 a2 0-1


[Site "https://www.chess.com"]